| TOP OF THE 1ST |
|
Texas (APP) Rangers batting - Pitching for Great Falls Voyagers : LHP Don Stanford
|
|
Pitching: LHP Don Stanford
|
|
|
Batting: SHB Tim Rogers
|
0-0: Ball 1-0: SINGLE (Groundball, 56D, EV 105.6 MPH)
|
|
Batting: RHB Ron Squires
|
0-0: Ball 1-0: Ball 2-0: Called Strike 2-1: Ball 3-1: Fielders Choice at 2nd, 6-4 (Groundball, 56, EV 78.8 MPH)
|
|
Batting: RHB Luis Reyna
|
0-0: Ball Ron Squires steals 2nd base (no throw) 1-0: Ball 2-0: Ball 3-0: Called Strike 3-1: TRIPLE (Line Drive, 89XD, EV 100.0 MPH) Ron Squires scores
|
|
Batting: RHB Jerry Foster
|
0-0: Ball 1-0: Ball Wild Pitch! Luis Reyna scores 2-0: Ball 3-0: Base on Balls
|
|
Batting: RHB Elias Sagrero
|
0-0: Ball 1-0: Ball 2-0: SINGLE (Groundball, 56D, EV 106.9 MPH) Jerry Foster to second
|
|
Batting: RHB Luis Solorzano
|
0-0: Ball 1-0: Called Strike 1-1: Called Strike 1-2: Ball 2-2: Ball 3-2: Foul Ball, location: 2F 3-2: Foul Ball, location: 2F 3-2: Foul Ball, location: 2F 3-2: SINGLE (Line Drive, 9S, EV 106.9 MPH) Jerry Foster to third Elias Sagrero to second Runner from 3rd tries for Home, SAFE, throw by RF to home
|
|
Batting: LHB Santino Pisanello
|
0-0: Ball 1-0: Called Strike 1-1: Called Strike 1-2: Fielders Choice at 2nd, 3-6 (Groundball, 3, EV 98.8 MPH) Elias Sagrero to third
|
|
Batting: LHB Eddie Reyes
|
0-0: Ball 1-0: Called Strike 1-1: Ball Wild Pitch! Elias Sagrero scores Santino Pisanello to second 2-1: Foul Ball, location: 2F 2-2: Ground out 6-3 (Groundball, 6, EV 104.4 MPH)
|
| Top of the 1st over - 4 runs, 4 hits, 0 errors, 1 left on base; Texas (APP) 4 - Great Falls 0 |
| BOTTOM OF THE 1ST |
|
Great Falls Voyagers batting - Pitching for Texas (APP) Rangers : RHP Rick Madden
|
|
Pitching: RHP Rick Madden
|
|
|
Batting: RHB Andy Cotton
|
0-0: Ball 1-0: Ball 2-0: Foul Ball, location: 2F 2-1: Foul Ball, location: 2F 2-2: Ball 3-2: DOUBLE (Line Drive, 9LS, EV 109.4 MPH)
|
|
Batting: RHB Enrique Gomez
|
0-0: Ball 1-0: Called Strike 1-1: Fly out, F9 (Flyball, 89S, EV 89.4 MPH)
|
|
Batting: SHB Rob Haney
|
0-0: Ball 1-0: Ground out 3-1 (Groundball, 34S, EV 90.0 MPH) Andy Cotton to third
|
|
Batting: RHB Billy Grubbs
|
0-0: Ground out 4-3 (Groundball, 4, EV 89.4 MPH)
|
| Bottom of the 1st over - 0 runs, 1 hit, 0 errors, 1 left on base; Texas (APP) 4 - Great Falls 0 |
| TOP OF THE 2ND |
|
Texas (APP) Rangers batting - Pitching for Great Falls Voyagers : LHP Don Stanford
|
|
Batting: SHB Albert Ortiz
|
0-0: Foul Ball, location: 2F 0-1: Ball 1-1: Foul Ball, location: 2F 1-2: Ball 2-2: Strikes out swinging
|
|
Batting: SHB Tim Rogers
|
0-0: Ground out 5-3 (Groundball, 56S, EV 83.8 MPH)
|
|
Batting: RHB Ron Squires
|
0-0: Called Strike 0-1: Ball 1-1: Ball 2-1: Foul Ball, location: 2F 2-2: Fly out, F8 (Flyball, 8RD, EV 93.8 MPH)
|
| Top of the 2nd over - 0 runs, 0 hits, 0 errors, 0 left on base; Texas (APP) 4 - Great Falls 0 |
| BOTTOM OF THE 2ND |
|
Great Falls Voyagers batting - Pitching for Texas (APP) Rangers : RHP Rick Madden
|
|
Batting: RHB Mitch Cuadros
|
0-0: Called Strike 0-1: SINGLE (Line Drive, 9S, EV 106.2 MPH)
|
|
Batting: RHB Tommy Ellington
|
0-0: Swinging Strike 0-1: Ball 1-1: Ball 2-1: Swinging Strike 2-2: Ball 3-2: Strikes out looking
|
|
Batting: RHB Francisco Marin
|
0-0: Ball 1-0: Foul Ball, location: 2F 1-1: Ball Passed Ball! Mitch Cuadros to second 2-1: Foul Ball, location: 2F 2-2: Ball 3-2: Base on Balls
|
|
Batting: SHB Jose Romo
|
0-0: Ball 1-0: Foul Ball, location: 2F 1-1: Swinging Strike 1-2: Ball 2-2: Foul Ball, location: 2F 2-2: Fielders Choice at 2nd, 1-4 (Groundball, 25, EV 61.9 MPH) Mitch Cuadros to third
|
|
Batting: LHB Jose Pereyra
|
0-0: Foul Ball, location: 2F 0-1: Foul Ball, location: 2F 0-2: Ball 1-2: Strikes out looking
|
| Bottom of the 2nd over - 0 runs, 1 hit, 0 errors, 2 left on base; Texas (APP) 4 - Great Falls 0 |
| TOP OF THE 3RD |
|
Texas (APP) Rangers batting - Pitching for Great Falls Voyagers : LHP Don Stanford
|
|
Batting: RHB Luis Reyna
|
0-0: SINGLE (Groundball, 6MD, EV 107.5 MPH)
|
|
Batting: RHB Jerry Foster
|
0-0: Ball 1-0: Called Strike 1-1: Called Strike 1-2: Ball 2-2: Ball 3-2: Base on Balls Luis Reyna to second
|
|
Batting: RHB Elias Sagrero
|
0-0: Ball 1-0: Ball 2-0: Ball 3-0: Base on Balls Luis Reyna to third Jerry Foster to second
|
|
Batting: RHB Luis Solorzano
|
0-0: Fly out, F5 (Line Drive, 56D, EV 68.1 MPH)
|
|
Batting: LHB Santino Pisanello
|
0-0: Ball 1-0: Grounds into double play, 6-4-3 (Groundball, 6, EV 83.8 MPH)
|
| Top of the 3rd over - 0 runs, 1 hit, 0 errors, 2 left on base; Texas (APP) 4 - Great Falls 0 |
| BOTTOM OF THE 3RD |
|
Great Falls Voyagers batting - Pitching for Texas (APP) Rangers : RHP Rick Madden
|
|
Batting: RHB Andy Cotton
|
0-0: Ball 1-0: Ground out 6-3 (Groundball, 6M, EV 106.2 MPH)
|
|
Batting: RHB Enrique Gomez
|
0-0: Called Strike 0-1: DOUBLE (Line Drive, 78D, EV 112.5 MPH)
|
|
Batting: SHB Rob Haney
|
0-0: Ball 1-0: SINGLE (Line Drive, 56D, EV 96.2 MPH) Enrique Gomez to third Runner from 3rd tries for Home, SAFE, throw by LF to home
|
|
Batting: RHB Billy Grubbs
|
0-0: Called Strike 0-1: Foul Ball, location: 2F 0-2: Ball 1-2: Foul Ball, location: 2F 1-2: SINGLE (Groundball, 56D, EV 96.9 MPH) Rob Haney to second
|
|
Batting: RHB Mitch Cuadros
|
0-0: Called Strike 0-1: TRIPLE (Flyball, 89XD, EV 106.2 MPH) Rob Haney scores Billy Grubbs scores
|
|
Batting: RHB Tommy Ellington
|
0-0: Foul Ball, location: 2F 0-1: Foul Ball, location: 2F 0-2: Ball 1-2: Ball 2-2: Ground out 4-3 (Groundball, 4, EV 83.8 MPH) Mitch Cuadros scores
|
|
Batting: RHB Francisco Marin
|
0-0: Ball 1-0: Called Strike 1-1: Ball 2-1: Foul Ball, location: 2F 2-2: Ball 3-2: Foul Ball, location: 2F 3-2: Strikes out swinging
|
| Bottom of the 3rd over - 4 runs, 4 hits, 0 errors, 0 left on base; Texas (APP) 4 - Great Falls 4 |
| TOP OF THE 4TH |
|
Texas (APP) Rangers batting - Pitching for Great Falls Voyagers : LHP Don Stanford
|
|
Batting: LHB Eddie Reyes
|
0-0: Foul Ball, location: 2F 0-1: Ball 1-1: Ball 2-1: Fly out, F8 (Flyball, 8RD, EV 74.4 MPH)
|
|
Batting: SHB Albert Ortiz
|
0-0: Called Strike 0-1: Ball 1-1: Foul Ball, location: 2F 1-2: Foul Ball, location: 2F 1-2: Strikes out swinging
|
|
Batting: SHB Tim Rogers
|
0-0: Called Strike 0-1: Ball 1-1: SINGLE (Line Drive, 8RS, EV 93.8 MPH)
|
|
Batting: RHB Ron Squires
|
0-0: Ball 1-0: Called Strike 1-1: Ball 2-1: Ball 3-1: Foul Ball, location: 2F 3-2: Base on Balls Tim Rogers to second
|
|
Batting: RHB Luis Reyna
|
0-0: Ball 1-0: Called Strike 1-1: Fly out, F8 (Flyball, 8RM, EV 79.4 MPH)
|
| Top of the 4th over - 0 runs, 1 hit, 0 errors, 2 left on base; Texas (APP) 4 - Great Falls 4 |
| BOTTOM OF THE 4TH |
|
Great Falls Voyagers batting - Pitching for Texas (APP) Rangers : RHP Rick Madden
|
|
Batting: SHB Jose Romo
|
0-0: Ball 1-0: Fly out, F5 (Line Drive, 5L, EV 68.1 MPH)
|
|
Batting: LHB Jose Pereyra
|
0-0: Ball 1-0: Called Strike 1-1: Fly out, F7 (Flyball, 7LM, EV 90.0 MPH)
|
|
Batting: RHB Andy Cotton
|
0-0: Swinging Strike 0-1: Ball 1-1: Swinging Strike 1-2: Ball 2-2: Foul Ball, location: 2F 2-2: SINGLE (Line Drive, 6MD, EV 104.4 MPH)
|
|
Batting: RHB Enrique Gomez
|
Pickoff Play to 1st, Runner tries for 2nd, OUT after rundown.
|
| Bottom of the 4th over - 0 runs, 1 hit, 0 errors, 0 left on base; Texas (APP) 4 - Great Falls 4 |
| TOP OF THE 5TH |
|
Texas (APP) Rangers batting - Pitching for Great Falls Voyagers : LHP Don Stanford
|
|
Batting: RHB Jerry Foster
|
0-0: Ball 1-0: Ball 2-0: Foul Ball, location: 2F 2-1: Ball 3-1: Base on Balls
|
|
Batting: RHB Elias Sagrero
|
0-0: Ball 1-0: Ball 2-0: Ball 3-0: Called Strike 3-1: Base on Balls Jerry Foster to second
|
|
Pitching: LHP Phil Peterson
|
|
|
Batting: RHB Luis Solorzano
|
0-0: Ball 1-0: Ball 2-0: Called Strike 2-1: Foul Ball, location: 2F 2-2: Strikes out swinging
|
|
Batting: LHB Santino Pisanello
|
0-0: Called Strike 0-1: Fly out, F8 (Flyball, 8RD, EV 78.1 MPH)
|
|
Batting: LHB Eddie Reyes
|
0-0: Foul Ball, location: 2F 0-1: Foul Ball, location: 2F 0-2: Ground out U3 (Groundball, 3, EV 98.1 MPH)
|
| Top of the 5th over - 0 runs, 0 hits, 0 errors, 2 left on base; Texas (APP) 4 - Great Falls 4 |
| BOTTOM OF THE 5TH |
|
Great Falls Voyagers batting - Pitching for Texas (APP) Rangers : RHP Rick Madden
|
|
Batting: RHB Enrique Gomez
|
0-0: Ball 1-0: Ball 2-0: Ball 3-0: Called Strike 3-1: Called Strike 3-2: Strikes out swinging
|
|
Batting: SHB Rob Haney
|
0-0: Ground out 1-3 (Groundball, 34S, EV 70.0 MPH)
|
|
Batting: RHB Billy Grubbs
|
0-0: Called Strike 0-1: Foul Ball, location: 2F 0-2: DOUBLE (Groundball, 5L, EV 105.0 MPH)
|
|
Batting: RHB Mitch Cuadros
|
0-0: Ball 1-0: Foul Ball, location: 2F 1-1: Swinging Strike 1-2: Ball 2-2: Foul Ball, location: 2F 2-2: Ball 3-2: Foul Ball, location: 2F 3-2: Fly out, F9 (Flyball, 9, EV 85.6 MPH)
|
| Bottom of the 5th over - 0 runs, 1 hit, 0 errors, 1 left on base; Texas (APP) 4 - Great Falls 4 |
| TOP OF THE 6TH |
|
Texas (APP) Rangers batting - Pitching for Great Falls Voyagers : LHP Phil Peterson
|
|
Batting: SHB Albert Ortiz
|
0-0: Called Strike 0-1: Foul Ball, location: 2F 0-2: Foul Ball, location: 2F 0-2: Fly out, F4 (Popup, 4MD, EV 59.4 MPH)
|
|
Batting: SHB Tim Rogers
|
0-0: Called Strike 0-1: Called Strike 0-2: Ball 1-2: Ball 2-2: Foul Ball, location: 2F 2-2: Strikes out swinging
|
|
Batting: RHB Ron Squires
|
0-0: DOUBLE (Line Drive, 7LD, EV 105.0 MPH)
|
|
Batting: RHB Luis Reyna
|
0-0: Ball 1-0: Called Strike 1-1: Foul Ball, location: 2F 1-2: Ball 2-2: SINGLE (Groundball, 6MD, EV 104.4 MPH) Ron Squires to third Runner from 3rd tries for Home, throw by CF and OUT! 8-2
|
| Top of the 6th over - 0 runs, 2 hits, 0 errors, 1 left on base; Texas (APP) 4 - Great Falls 4 |
| BOTTOM OF THE 6TH |
|
Great Falls Voyagers batting - Pitching for Texas (APP) Rangers : RHP Rick Madden
|
|
Batting: RHB Tommy Ellington
|
0-0: Ball 1-0: Foul Ball, location: 2F 1-1: Foul Ball, location: 2F 1-2: Foul Ball, location: 2F 1-2: Ground out 6-3 (Groundball, 6, EV 106.2 MPH)
|
|
Batting: RHB Francisco Marin
|
0-0: Ball 1-0: SINGLE (Flyball, 3D, EV 90.6 MPH)
|
|
Pitching: RHP Brent Demby
|
|
|
Batting: SHB Jose Romo
|
0-0: DOUBLE (Line Drive, 7LS, EV 95.6 MPH) Francisco Marin to third
|
|
Batting: LHB Jose Pereyra
|
0-0: Ball 1-0: Ball 2-0: Foul Ball, location: 2F 2-1: Fly out, F9 (Flyball, 9LS, EV 77.5 MPH)
|
|
Batting: RHB Andy Cotton
|
0-0: Ball 1-0: Called Strike 1-1: Ball 2-1: Ball 3-1: Base on Balls
|
|
Batting: RHB Enrique Gomez
|
0-0: Ball 1-0: Called Strike 1-1: Ball 2-1: Fly out, F8 (Line Drive, 89M, EV 109.4 MPH)
|
| Bottom of the 6th over - 0 runs, 2 hits, 0 errors, 3 left on base; Texas (APP) 4 - Great Falls 4 |
| TOP OF THE 7TH |
|
Texas (APP) Rangers batting - Pitching for Great Falls Voyagers : LHP Phil Peterson
|
|
Batting: RHB Jerry Foster
|
0-0: Swinging Strike 0-1: Foul Ball, location: 2F 0-2: Foul Ball, location: 2F 0-2: SOLO HOME RUN (Flyball, 78XD, EV 111.2 MPH), Distance : 408 ft
|
|
Batting: RHB Elias Sagrero
|
0-0: Ball 1-0: TRIPLE (Flyball, 78XD, EV 107.5 MPH)
|
|
Batting: RHB Luis Solorzano
|
0-0: Intentional Walk
|
|
Batting: LHB Santino Pisanello
|
0-0: Ball 1-0: Ground out 6-3 (Groundball, 6, EV 82.5 MPH) Luis Solorzano to second
|
|
Batting: LHB Eddie Reyes
|
0-0: Called Strike 0-1: Ground out 4-3 (Groundball, 23, EV 89.4 MPH)
|
|
Batting: SHB Albert Ortiz
|
0-0: Called Strike 0-1: Foul Ball, location: 2F 0-2: Ball 1-2: Ball 2-2: Strikes out swinging
|
| Top of the 7th over - 1 run, 2 hits, 0 errors, 2 left on base; Texas (APP) 5 - Great Falls 4 |
| BOTTOM OF THE 7TH |
|
Great Falls Voyagers batting - Pitching for Texas (APP) Rangers : RHP Brent Demby
|
|
Pinch Hitting: RHB Russ Cornett
|
0-0: Foul Ball, location: 2F 0-1: Foul Ball, location: 2F 0-2: Strikes out swinging
|
|
Batting: RHB Billy Grubbs
|
0-0: Called Strike 0-1: Ground out 6-3 (Groundball, 6, EV 88.1 MPH)
|
|
Batting: RHB Mitch Cuadros
|
0-0: DOUBLE (Line Drive, 3D, EV 94.4 MPH)
|
|
Batting: RHB Tommy Ellington
|
0-0: Called Strike 0-1: Ball 1-1: Swinging Strike 1-2: Foul Ball, location: 2F 1-2: Foul Ball, location: 2F 1-2: Ball 2-2: Ball 3-2: Foul Ball, location: 2F 3-2: Ground out 5-3 (Groundball, 56S, EV 71.2 MPH)
|
| Bottom of the 7th over - 0 runs, 1 hit, 0 errors, 1 left on base; Texas (APP) 5 - Great Falls 4 |
| TOP OF THE 8TH |
|
Texas (APP) Rangers batting - Pitching for Great Falls Voyagers : LHP Phil Peterson
|
|
Pitching: LHP Miguel Moreno
|
|
|
Now at 2B: Russ Cornett
|
|
|
Batting: SHB Tim Rogers
|
0-0: Ground out 5-3 (Groundball, 25, EV 81.9 MPH)
|
|
Batting: RHB Ron Squires
|
0-0: Ball 1-0: Called Strike 1-1: Ball 2-1: Fly out, F9 (Line Drive, 89M, EV 95.6 MPH)
|
|
Batting: RHB Luis Reyna
|
0-0: Ball 1-0: Foul Ball, location: 2F 1-1: Ball 2-1: Ball 3-1: Base on Balls
|
|
Batting: RHB Jerry Foster
|
0-0: Called Strike 0-1: Ball 1-1: Ball 2-1: Ball 3-1: Foul Ball, location: 2F 3-2: Base on Balls Luis Reyna to second
|
|
Batting: RHB Elias Sagrero
|
0-0: Ball 1-0: Fielders Choice at 2nd, 6-4 (Groundball, 6, EV 78.1 MPH)
|
| Top of the 8th over - 0 runs, 0 hits, 0 errors, 2 left on base; Texas (APP) 5 - Great Falls 4 |
| BOTTOM OF THE 8TH |
|
Great Falls Voyagers batting - Pitching for Texas (APP) Rangers : RHP Brent Demby
|
|
Batting: RHB Francisco Marin
|
0-0: Foul Ball, location: 2F 0-1: Ball 1-1: Foul Ball, location: 2F 1-2: Foul Ball, location: 2F 1-2: Ball 2-2: Ball 3-2: Fly out, F7 (Flyball, 78D, EV 83.1 MPH)
|
|
Batting: SHB Jose Romo
|
0-0: Called Strike 0-1: Ball 1-1: Foul Ball, location: 2F 1-2: Ground out 4-3 (Groundball, 4, EV 85.6 MPH)
|
|
Batting: LHB Jose Pereyra
|
0-0: Called Strike 0-1: Ball 1-1: Fly out, F8 (Flyball, 8RD, EV 89.4 MPH)
|
| Bottom of the 8th over - 0 runs, 0 hits, 0 errors, 0 left on base; Texas (APP) 5 - Great Falls 4 |
| TOP OF THE 9TH |
|
Texas (APP) Rangers batting - Pitching for Great Falls Voyagers : LHP Miguel Moreno
|
|
Batting: RHB Luis Solorzano
|
0-0: Foul Ball, location: 2F 0-1: Ball 1-1: Ground out U3 (Groundball, 34S, EV 85.6 MPH)
|
|
Batting: LHB Santino Pisanello
|
0-0: Ball 1-0: Foul Ball, location: 2F 1-1: Ball 2-1: Ball 3-1: Base on Balls
|
|
Batting: LHB Eddie Reyes
|
0-0: Foul Ball, location: 2F 0-1: Foul Ball, location: 2F 0-2: Ball 1-2: Ground out 1-3 (Groundball, 34S, EV 65.6 MPH) Santino Pisanello to second
|
|
Pitching: RHP Jose Vigil
|
|
|
Batting: SHB Albert Ortiz
|
0-0: Ball 1-0: Ball 2-0: Called Strike 2-1: Swinging Strike 2-2: Ball Passed Ball! Santino Pisanello to third 3-2: Strikes out swinging, 2-3 out at first.
|
| Top of the 9th over - 0 runs, 0 hits, 0 errors, 1 left on base; Texas (APP) 5 - Great Falls 4 |
| BOTTOM OF THE 9TH |
|
Great Falls Voyagers batting - Pitching for Texas (APP) Rangers : RHP Brent Demby
|
|
Pitching: LHP Alex Boites
|
|
|
Batting: RHB Andy Cotton
|
0-0: Called Strike 0-1: Ball 1-1: Swinging Strike 1-2: Foul Ball, location: 2F 1-2: Ball 2-2: Strikes out swinging
|
|
Batting: RHB Enrique Gomez
|
0-0: Called Strike 0-1: Ball 1-1: Foul Ball, location: 2F 1-2: Strikes out swinging
|
|
Batting: RHB Russ Cornett
|
0-0: Ball 1-0: Swinging Strike 1-1: Ball 2-1: Swinging Strike 2-2: Ball 3-2: SINGLE (Groundball, 56S, EV 86.2 MPH) (infield hit)
|
|
Batting: RHB Billy Grubbs
|
0-0: Called Strike 0-1: Called Strike 0-2: Fly out, F7 (Flyball, 7, EV 76.9 MPH)
|
| Bottom of the 9th over - 0 runs, 1 hit, 0 errors, 1 left on base; Texas (APP) 5 - Great Falls 4 |
|